 Dungeon Crawl Stone Soup version 0.22-a0-348-gd16d139 (webtiles) character file.

326 Serpenta the Chopper (level 6, -3/47 HPs)
             Began as a Mummy Chaos Knight on Apr 11, 2018.
             Slain by a worker ant (8 damage)
             ... on level 4 of the Dungeon.
             The game lasted 00:06:45 (3997 turns).

Serpenta the Chopper (Mummy Chaos Knight)           Turns: 3997, Time: 00:06:45

Health: -3/47      AC:  5    Str: 14    XL:     6   Next: 24%
Magic:  6/6        EV:  6    Int: 12    God:    Xom [*.....]
Gold:   174        SH: 10    Dex: 11    Spells: 5/5 levels left

rFire    . . .     SeeInvis .   a - +0 hand axe (chaos)
rCold    . . .     Gourm    .   n - +0 large shield
rNeg     + + +     Faith    .   b - +2 leather armour
rPois    ∞         Spirit   .   (no helmet)
rElec    .         Reflect  .   (no cloak)
rCorr    .         Harm     .   (no gloves)
MR       .....                  (no boots)
Stlth    +.........             m - amulet of the acrobat
HPRegen  0.15/turn              j - ring of fire
MPRegen  0.10/turn              p - -3 ring of strength

@: no status effects
A: no food or potions, fire vulnerability, cold resistance 1, negative energy
resistance 3, torment resistance, unbreathing
a: Renounce Religion


You were on level 4 of the Dungeon.
You worshipped Xom.
You were a special plaything of Xom.
You were not hungry.

You visited 1 branch of the dungeon, and saw 4 of its levels.

You collected 174 gold pieces.


Innate Abilities, Weirdness & Mutations

You do not eat or drink.
Your flesh is vulnerable to fire.
You are immune to poison.
Your flesh is cold resistant. (rC+)
You are immune to negative energy. (rN+++)
You are immune to unholy pain and torment.
You can survive without breathing.


   Skills:
 - Level 3.0 Fighting
 + Level 5.9 Axes
 - Level 1.5 Armour
 - Level 0.7 Dodging


You had 5 spell levels left.
You didn't know any spells.

Action                   |  1- 3 |  4- 6 || total
-------------------------+-------+-------++-------
Melee: Hand axe          |    80 |   159 ||   239
  Use: Scroll            |     5 |     4 ||     9
 Stab: Petrifying        |     1 |       ||     1
       Paralysed         |       |     1 ||     1
Armor: Leather armour    |    28 |    53 ||    81
Dodge: Dodged            |    48 |    75 ||   123
Block: Buckler           |     1 |    14 ||    15
       Shield            |       |     7 ||     7
       Large shield      |       |    28 ||    28

Inventory:

Hand Weapons
 a - a +0 hand axe of chaos (weapon)
 g - a +0 hand axe
Missiles
 i - 3 curare-tipped needles
Armour
 b - a +2 leather armour (worn)
 k - a +0 chain mail
 n - a +0 large shield (worn)
Jewellery
 j - a ring of fire (left hand)
 l - an uncursed ring of teleportation
 m - an amulet of the acrobat (around neck)
 p - a -3 ring of strength (right hand)
Scrolls
 c - 2 scrolls of magic mapping
 d - 2 scrolls of identify
 e - a scroll of remove curse
 h - a scroll of immolation

#.#.#♣.P♣... #..PP#
##......>... #....#
##........# #...##
##.#######.# ##..#
#.## #.# #..# .##
#.# #..#
.#########.# #..#
...........######..#
#########......a@..#
##.######.## #.# #.#
#.# #.# ##.## #.#
#...#####.#
#.#.......#
#...####### #####


You could see a worker ant (berserk).

Vanquished Creatures
  A crimson imp (D:2)
  An orc priest (D:4)
  A centaur skeleton (D:4)
  4 orc wizards
  2 worker ants (D:4)
  A hound skeleton (D:4)
  An adder (D:3)
  A worm (D:3)
  3 dart slugs (D:1)
  A leopard gecko (D:1)
  6 orcs
  2 ball pythons (D:3)
  3 giant cockroaches
  5 goblins
  3 hobgoblins (D:1)
  10 jackals
  4 kobolds
  7 bats
  A frilled lizard (shapeshifter) (D:3)
  2 frilled lizards
  A rat (D:1)
60 creatures vanquished.

Vanquished Creatures (others)
  2 bushes (D:4)
2 creatures vanquished.

Grand Total: 62 creatures vanquished

Vault maps used:
D:1:      nicolae_arrival_washed_ashore, serial_bayou_ford_a
D:2:      overflow_temple_1_default, nicolae_overflow_crystal_walls,
          makhleb_grotto_becter, amethyst_overflow_temple_binary, first_ration,
          minmay_curled_crystal, minivault_25
D:3:      chequers_ecumenical_altar_island
D:4:      temple_green, serial_forest, infiniplex_forest_lined_3_way,
          infiniplex_forest_join, infiniplex_forest_lined_3,
          infiniplex_forest_straight_3, infiniplex_forest_lined_room_3,
          infiniplex_forest_clump_tiny, uniq_edmund


Message History

The worker ant is moderately wounded.
You block the worker ant's attack.
The worker ant bites you but does no damage.
You hit the worker ant but do no damage.
The worker ant is moderately wounded.
You block the worker ant's attack. The worker ant barely misses you.
Your shield prevents you from hitting the worker ant.
The worker ant is moderately wounded.
You block the worker ant's attack. The worker ant bites you!
* * * LOW HITPOINT WARNING * * *
You hit the worker ant but do no damage.
Lightning courses through the worker ant!
The worker ant is heavily wounded.
You block the worker ant's attack. x2
You closely miss the worker ant.
The worker ant is heavily wounded.
The worker ant bites you.
* * * LOW HITPOINT WARNING * * *
The worker ant bites you!
You die...

Notes
Turn   | Place    | Note
-------+----------+-------------------------------------------
     0 | D:1      | Serpenta the Mummy Chaos Knight began the quest for the Orb.
     0 | D:1      | Reached XP level 1. HP: 18/18 MP: 1/1
   167 | D:1      | XOM: harmless Conj miscast
   225 | D:1      | Reached skill level 3 in Axes
   225 | D:1      | Reached XP level 2. HP: 23/24 MP: 2/2
   273 | D:1      | XOM: harmless Conj miscast
   966 | D:1      | XOM: harmless Conj miscast
  1299 | D:2      | Reached XP level 3. HP: 29/29 MP: 3/3
  1352 | D:2      | Found a sparkling altar of Nemelex Xobeh.
  1416 | D:2      | Found a shadowy altar of Dithmenos.
  1429 | D:2      | XOM: divination: detect items
  1500 | D:2      | XOM: harmless Conj miscast
  1535 | D:2      | XOM is BORED!
  1535 | D:2      | XOM: medium Air miscast
  1694 | D:2      | Found a burning altar of Makhleb.
  1694 | D:2      | XOM: enchant monster (good)
  1721 | D:2      | Found a hide-covered altar of Uskayaw.
  1721 | D:2      | Found a hazy altar of Hepliaklqana.
  1735 | D:2      | Reached skill level 4 in Axes
  1735 | D:2      | Reached XP level 4. HP: 34/35 MP: 4/4
  1747 | D:2      | XOM: mild Ice miscast
  1903 | D:3      | XOM: polymorph adder -> hobgoblin
  2381 | D:3      | XOM: god gift: long sword {god gift}
  2751 | D:2      | XOM: mild Chrm miscast
  2830 | D:2      | XOM: god gift: ration {god gift}
  2831 | D:2      | XOM: harmless Necr miscast
  2952 | D:3      | Reached XP level 5. HP: 35/41 MP: 5/5
  2990 | D:3      | XOM: mild Fire miscast
  3059 | D:4      | XOM: noise
  3123 | D:4      | XOM: harmless Erth miscast
  3142 | D:4      | Got a blackened shield
  3153 | D:4      | Identified the cursed +0 shield of Negligence {*Slow rPois Int+3} (You found it on level 4 of the Dungeon)
  3187 | D:4      | XOM: 1-stop teleportation journey
  3197 | D:4      | Reached skill level 5 in Axes
  3397 | D:4      | Noticed Edmund
  3438 | D:4      | Reached XP level 6. HP: 31/47 MP: 6/6
  3795 | D:4      | XOM: god gift: 21 gold pieces {god gift}
  3896 | D:4      | XOM: summons 3 hostile demons
  3897 | D:4      | Noticed a sun demon
  3997 | D:4      | Slain by a worker ant
